 Dungeon Crawl Stone Soup version 0.31.0-11-ge490571c62 (webtiles) character file.

Game seed: 3668826276205667774

75 Ashen the Sneak (level 4, 0/32 HPs)
             Began as a Gnoll Enchanter on Feb 3, 2024.
             Slain by a gnoll
             ... wielding a +0 flail
              (8 damage)
             ... on level 3 of the Dungeon.
             The game lasted 00:02:35 (1830 turns).

Ashen the Sneak (Gnoll Enchanter)                   Turns: 1830, Time: 00:02:36

Health: 0/32       AC:  2    Str:  7    XL:     4   Next: 31%
Magic:  6/11       EV: 14    Int: 14    God:
Gold:   98         SH:  0    Dex: 15    Spells: 2/13 levels left

rFire   . . .        e - +1 dagger (venom)
rCold   . . .        (no shield)
rNeg    . . .        b - +0 robe
rPois   .            (no helmet)
rElec   .            (no cloak)
rCorr   .            (no gloves)
SInv    .            (no boots)
Will    .....        (no amulet)
Stlth   +++          (no ring)
HPRegen 0.25/turn    (no ring)
MPRegen 0.12/turn

%: no passive effects
@: no status effects
A: fangs 1, strong nose, distributed training
a: no special abilities


You were on level 3 of the Dungeon.
You visited 1 branch of the dungeon, and saw 3 of its levels.

You collected 98 gold pieces.

Inventory:

Hand Weapons
 a - a +1 dagger
 e - a +1 dagger of venom (weapon)
Armour
 b - a +0 robe (worn)
Scrolls
 d - a scroll of revelation {unknown}
 g - a scroll of immolation {unknown}
 j - a scroll of silence {unknown}
 l - 2 scrolls of identify {unknown}
Potions
 c - a potion of invisibility
 f - 2 potions of lignification {unknown}
 h - a potion of brilliance {unknown}
 i - a potion of curing {unknown}
 k - a potion of heal wounds {unknown}


   Skills:
 + Level 1.1 Fighting
 + Level 2.7 Short Blades
 + Level 1.1 Long Blades
 + Level 1.1 Axes
 + Level 1.1 Maces & Flails
 + Level 1.1 Polearms
 + Level 1.1 Staves
 + Level 1.1 Ranged Weapons
 + Level 1.1 Throwing
 + Level 1.1 Armour
 + Level 4.6 Dodging
 + Level 6.0 Stealth
 + Level 1.1 Shields
 + Level 1.1 Unarmed Combat
 + Level 5.1 Spellcasting
 + Level 0.9 Conjurations
 + Level 5.4 Hexes
 + Level 0.9 Summonings
 + Level 0.9 Necromancy
 + Level 0.9 Translocations
 + Level 0.9 Fire Magic
 + Level 0.9 Ice Magic
 + Level 0.9 Air Magic
 + Level 0.9 Earth Magic
 + Level 0.9 Alchemy
 + Level 1.2 Invocations
 + Level 1.1 Evocations
 + Level 1.0 Shapeshifting


You had 2 spell levels left.
You knew the following spells:

 Your Spells              Type           Power      Damage    Failure   Level
a - Ensorcelled Hibernat  Hex/Ice        24%        N/A       7%          2
b - Confusing Touch       Hex            18%        N/A       5%          3
c - Tukima's Dance        Hex            18%        N/A       5%          3
d - Dazzling Flash        Conj/Hex       24%        N/A       14%         3

Your spell library contained the following spells:

 Spells                   Type           Power      Damage    Failure   Level
 Stone Arrow              Conj/Erth      12%        3d7       34%         3
 Animate Armour           Summ/Erth      12%        N/A       75%         4
 Lehudib's Crystal Spear  Conj/Erth      3%         10d2      100%        8


Dungeon Overview and Level Annotations

Branches:
Dungeon (3/15)

Altars:
Fedhas


Innate Abilities, Weirdness & Mutations

You have very sharp teeth.
Your uncanny sense of smell can sniff out nearby items.
Your experience applies equally to all skills.


Message History

You kill the ball python!
No target in view!
You see here a ball python corpse.
An endoplasm comes into view.
An endoplasm is nearby!
The endoplasm quivers.
You hit the endoplasm.
The endoplasm is severely wounded.
The endoplasm misses you.
You hit the endoplasm.
You kill the endoplasm!
A gnoll comes into view. It is wielding a +0 flail.
A gnoll is nearby!
A rat and 3 gnolls come into view.
A gnoll is wielding a +0 club and quivering a throwing net.
The gnoll shouts! x3
The gnoll hits you but does no damage.
The rat moves out of view.
You hear a loud squeak.
You barely miss the gnoll. You barely miss the gnoll.
You bite the gnoll, but do no damage. The gnoll hits you with a +0 flail.
The gnoll hits you with a +0 whip!
A quokka comes into view.
Casting: Ensorcelled Hibernation (safe; 7% risk of failure)
Confirm with . or Enter, or press ? or * to list all spells.
Aiming: Ensorcelled Hibernation (safe; 7% risk of failure)
Press: ? - help, Shift-Dir - straight line, f - gnoll
Aim: a gnoll, wielding a +0 flail (chance to affect: 54%)
The gnoll resists with significant effort.
The gnoll hits you with a +0 whip.
Casting: Ensorcelled Hibernation (safe; 7% risk of failure)
Confirm with . or Enter, or press ? or * to list all spells.
Casting: Dazzling Flash (quite dangerous; 14% risk of failure)
Press: ? - help, Dir - look around, f - activate The gnoll is dazzled.
The rat is dazzled.
The gnoll hits you with a +0 flail! The gnoll hits you with a +0 whip.
* * * LOW HITPOINT WARNING * * *
The gnoll completely misses you.
Unknown command.
The gnoll attacks as it pursues you! The gnoll hits you with a +0 flail!
You die...

... .. .#####.###
.........##
#.r.....#####
#..g.........
#g...# ##.#.
.....g.#rg##.....
.#######.@.......
#.....#..#
#####...#....## #
#......####...##..
#.###.......#...(#
..#.....####....#
##......##...#
#......†...#
...#...#...###


You could see 3 gnolls, a quokka and a rat (blind, unable to see you).

Vanquished Creatures
  An adder (D:3)
  A dart slug (D:1)
  A ribbon worm (D:2)
  7 bats
  6 endoplasms
  2 giant cockroaches (D:1)
  6 goblins
  4 hobgoblins
  A jackal (D:2)
  2 quokkas (D:1)
  7 ball pythons
  7 frilled lizards
  6 kobolds
  5 rats
56 creatures vanquished.

Notes
Turn   | Place    | Note
-------+----------+-------------------------------------------
     0 | D:1      | Ashen the Gnoll Enchanter began the quest for the Orb.
     0 | D:1      | Reached XP level 1. HP: 13/13 MP: 6/6
    72 | D:1      | Reached XP level 2. HP: 10/19 MP: 7/7
   347 | D:1      | Reached skill level 5 in Spellcasting
   347 | D:1      | Reached XP level 3. HP: 15/25 MP: 7/9
   744 | D:1      | Reached skill level 6 in Stealth
   835 | D:1      | Reached skill level 1 in Invocations
  1119 | D:2      | Reached skill level 1 in Fighting
  1119 | D:2      | Reached skill level 1 in Long Blades
  1119 | D:2      | Reached skill level 1 in Axes
  1119 | D:2      | Reached skill level 1 in Maces & Flails
  1119 | D:2      | Reached skill level 1 in Polearms
  1119 | D:2      | Reached skill level 1 in Staves
  1119 | D:2      | Reached skill level 1 in Ranged Weapons
  1119 | D:2      | Reached skill level 1 in Throwing
  1119 | D:2      | Reached skill level 1 in Armour
  1119 | D:2      | Reached skill level 1 in Shields
  1119 | D:2      | Reached skill level 1 in Unarmed Combat
  1119 | D:2      | Reached skill level 1 in Evocations
  1570 | D:2      | Reached skill level 1 in Shapeshifting
  1570 | D:2      | Reached XP level 4. HP: 24/32 MP: 11/11
  1573 | D:2      | Learned a level 2 spell: Ensorcelled Hibernation
  1577 | D:2      | Learned a level 3 spell: Confusing Touch
  1581 | D:2      | Learned a level 3 spell: Tukima's Dance
  1585 | D:2      | Learned a level 3 spell: Dazzling Flash
  1757 | D:3      | Found a blossoming altar of Fedhas.
  1830 | D:3      | Slain by a gnoll

Illustrated notes

Levels and vault maps discovered:
D:1:      lemuel_arrival_rhombus, layout_basic
D:2:      minmay_inner_zag, layout_basic, minmay_pentomino_pile
D:3:      layout_rooms, fedhas_altar_1, nicolae_overflow_crystal_walls,
          serial_shops, nicolae_square_shop, minmay_misc_feat_secret_circle

Skill      XL: |  1  2  3 |
---------------+----------+-----
Spellcasting   | 5 |  5.1
Stealth        | 6 |  6.0
Invocations    | 1 |  1.2
Fighting       | 1 |  1.1
Long Blades    | 1 |  1.1
Axes           | 1 |  1.1
Maces & Flails | 1 |  1.1
Polearms       | 1 |  1.1
Staves         | 1 |  1.1
Ranged Weapons | 1 |  1.1
Throwing       | 1 |  1.1
Armour         | 1 |  1.1
Shields        | 1 |  1.1
Unarmed Combat | 1 |  1.1
Evocations     | 1 |  1.1
Shapeshifting  | 1 |  1.0
Short Blades   | |  2.7
Dodging        | |  4.6
Conjurations   | |  0.9
Hexes          | |  5.4
Summonings     | |  0.9
Necromancy     | |  0.9
Translocations | |  0.9
Fire Magic     | |  0.9
Ice Magic      | |  0.9
Air Magic      | |  0.9
Earth Magic    | |  0.9
Alchemy        | |  0.9

Action                     |  1- 3 |  4- 6 || total
---------------------------+-------+-------++-------
  Melee: Dagger            |   104 |    14 ||   118
         Bite              |    11 |     2 ||    13
         Punch             |     1 |       ||     1
   Cast: Ensorcelled Hiber |       |     3 ||     3
         Dazzling Flash    |       |     1 ||     1
    Use: Potion            |     1 |       ||     1
   Stab: Sleeping          |    19 |     3 ||    22
         Invisible         |     3 |       ||     3
 Armour: Robe              |    40 |    12 ||    52
  Dodge: Dodged            |    58 |     7 ||    65
